 Dungeon Crawl Stone Soup version 0.18.1-50-g88ac8fd (webtiles) character file.

223 RealIsaac the Covert (level 5, -2/27 HPs)
             Began as a Spriggan Assassin on Oct 6, 2016.
             Shot with an arrow by a centaur (5 damage)
             ... on level 5 of the Dungeon on Oct 7, 2016.
             The game lasted 00:24:29 (1765 turns).

RealIsaac the Covert (Spriggan Assassin)            Turns: 1765, Time: 00:24:30

Health: -2/27      AC:  3    Str:  7    XL:     5   Next: 66%
Magic:  0/6        EV: 19    Int: 12    God:
Gold:   69         SH:  0    Dex: 19    Spells: 0 memorised, 4 levels left

rFire  . . .     SeeInvis +     h - +3 dagger (drain)
rCold  . . .     Gourm    .     c - +0 robe
rNeg   . . .     Faith    .     (shield restricted)
rPois  .         Spirit   +     (helmet restricted)
rElec  .         Dismiss  .     d - +0 cloak
rCorr  .         Reflect  .     (gloves unavailable)
SustAt .         Harm     .     (boots unavailable)
MR     .....                    p - amulet of guardian spirit
Stlth  +++++.....               (no ring)
                                (no ring)

@: very slightly contaminated, very quick, not resistant to hostile
enchantments, quite stealthy
A: unfitting armour, see invisible, herbivore 3, speed 3, slow metabolism 2
a: no special abilities


You were on level 5 of the Dungeon.
You were very full.

You visited 1 branch of the dungeon, and saw 5 of its levels.

You collected 69 gold pieces.

Inventory:

Hand Weapons
 h - a +3 dagger of draining (weapon)
 w - a +0 blowgun
Missiles
 e - 27 poisoned needles (quivered)
 f - 2 curare-tipped needles
 q - 61 arrows
 u - 48 stones
Armour
 c - a +0 robe (worn)
 d - a +0 cloak (worn)
 i - a cursed -2 plate armour
 k - a +0 leather armour
 r - a +0 robe
 t - a +0 helmet
Jewellery
 p - an amulet of guardian spirit (around neck)
Wands
 a - a wand of acid (15/15)
Scrolls
 l - a scroll of remove curse
 z - a scroll of identify
Comestibles
 g - 3 bread rations
 n - 3 meat rations


   Skills:
 * Level 2.6 Fighting
 * Level 3.0 Short Blades
 + Level 2.8 Throwing
 + Level 3.5 Dodging
 + Level 8.0 Stealth


You had 4 spell levels left.
You didn't know any spells.

Dungeon Overview and Level Annotations

Branches:
Dungeon (5/15)
 Temple: D:4-7

Altars:
Ashenzari
Dithmenos
Fedhas
Makhleb
Okawaru
Ru
Trog
Vehumet
Xom
The Shining One

Portals:
Ossuary: D:5


Innate Abilities, Weirdness & Mutations

You are tiny and cannot use many weapons and most armour.
You have supernaturally acute eyesight.
You are a herbivore.
You cover ground extremely quickly.
You need consume almost no food.


Message History

The centaur is lightly wounded.
The centaur hits you.
* * * LOW HITPOINT WARNING * * *
Blink to where?
Press: ? - help, Dir - move target cursor You are very lightly contaminated with residual magic.
As you read the scroll of blinking, it crumbles to dust.
The centaur wields an uncursed shortbow.
The centaur shoots an arrow.
The arrow closely misses you.
The centaur shoots an arrow.
The arrow misses you.
The centaur shoots an arrow.
The arrow misses you.
You see here 2 arrows.
The centaur shoots an arrow.
The arrow misses you.
You see here an arrow.
Found a sand-covered staircase.
The centaur shoots an arrow.
The arrow hits you!
* * * LOW HITPOINT WARNING * * *
You see here an arrow.
The centaur shoots an arrow.
The arrow hits you!
You die...

# ## ############# .###
##....>#.....##
...#####.............##
...............(@...((#
......................#
..............###.###c#
..............# #.# #.#
..............# #.# #.#
....[.........# ... #.##
..............# .∩. #..#
..............#######c.#
.........(###...(......#


You could see a centaur.

Vanquished Creatures
  An ogre (D:4)
  A jelly (D:5)
  2 worker ants
  4 adders
  An ooze (D:3)
  An adder skeleton (D:4)
  A dart slug (D:3)
  A giant gecko (D:2)
  A bat (D:3)
  A goblin (D:3)
  5 hobgoblins
  A quokka (D:3)
  3 kobolds
  2 rats (D:1)
25 creatures vanquished.

Notes
Turn   | Place    | Note
--------------------------------------------------------------
     0 | D:1      | RealIsaac the Spriggan Assassin began the quest for the Orb.
     0 | D:1      | Reached XP level 1. HP: 10/10 MP: 2/2
   123 | D:1      | Reached skill level 6 in Stealth
   294 | D:2      | Reached XP level 2. HP: 15/15 MP: 3/3
   472 | D:3      | Reached XP level 3. HP: 18/18 MP: 4/4
   669 | D:3      | Reached skill level 7 in Stealth
  1109 | D:4      | Reached XP level 4. HP: 23/23 MP: 5/5
  1464 | D:4      | Noticed an ogre
  1483 | D:4      | Killed an ogre
  1483 | D:4      | Reached XP level 5. HP: 27/27 MP: 6/6
  1490 | D:4      | Found a shimmering altar of Xom.
  1493 | D:4      | Found a shadowy altar of Dithmenos.
  1506 | D:4      | Found a blossoming altar of Fedhas.
  1507 | D:4      | Found a glowing golden altar of the Shining One.
  1519 | D:4      | Found a shattered altar of Ashenzari.
  1519 | D:4      | Found a bloodstained altar of Trog.
  1519 | D:4      | Found a burning altar of Makhleb.
  1519 | D:4      | Found a radiant altar of Vehumet.
  1541 | D:4      | Found a sacrificial altar of Ru.
  1542 | D:4      | Found an iron altar of Okawaru.
  1625 | D:5      | Entered Level 5 of the Dungeon
  1661 | D:5      | Reached skill level 8 in Stealth
  1734 | D:5      | Noticed a centaur
  1759 | D:5      | Found a sand-covered staircase.
  1765 | D:5      | Shot with an arrow by a centaur

Skill      XL: |  1  2  3  4  5 |
---------------+----------------+-----
Stealth        | 6 7 8 |  8.0
Fighting       | 2 |  2.6
Dodging        | 2 3 |  3.5
Short Blades   | 3 |  3.0
Throwing       | |  2.8

Action                   |  1- 3 |  4- 6 || total
-------------------------+-------+-------++-------
Melee: Dagger            |    61 |    52 ||   113
 Fire: Blowgun           |     5 |       ||     5
  Use: Scroll            |     1 |     7 ||     8
       Potion            |       |     4 ||     4
 Stab: Sleeping          |     6 |     1 ||     7
  Eat: Bread ration      |       |     1 ||     1
Armor: Robe              |    12 |     2 ||    14
Dodge: Dodged            |    49 |    48 ||    97
